 Dungeon Crawl Stone Soup version 0.24.0-41-g2ae2f7f1be (webtiles) character file.

Game seed: 17656222545925605047, levelgen mode: deterministic

186 Almogavar the Shield-Bearer (level 5, -8/47 HPs)
             Began as a Minotaur Fighter on Dec 12, 2019.
             Was an Initiate of Makhleb.
             Mangled by an ogre
             ... wielding a cursed -1 giant club
              (16 damage)
             ... on level 5 of the Dungeon on Dec 14, 2019.
             The game lasted 00:13:05 (3423 turns).

Almogavar the Shield-Bearer (Minotaur Fighter)      Turns: 3423, Time: 00:13:06

Health: -8/47      AC: 14    Str: 21    XL:     5   Next: 38%
Magic:  4/4        EV:  6    Int:  7    God:    Makhleb [......]
Gold:   217        SH:  9    Dex: 10    Spells: 4/4 levels left

rFire    . . .     SeeInvis .   a - +0 flail
rCold    . . .     Gourm    .   c - +0 shield
rNeg     . . .     Faith    .   b - +0 chain mail
rPois    .         Spirit   .   (helmet restricted)
rElec    .         Reflect  .   (no cloak)
rCorr    .         Harm     .   o - +0 pair of gloves
MR       .....                  u - +2 pair of boots
Stlth    ..........             (no amulet)
HPRegen  0.15/turn              x - +2 ring of intelligence
MPRegen  0.09/turn              (no ring)

@: no status effects
A: retaliatory headbutt, horns 2
a: Renounce Religion


You were on level 5 of the Dungeon.
You worshipped Makhleb.
Makhleb was noncommittal.
You were not hungry.

You visited 1 branch of the dungeon, and saw 5 of its levels.

You collected 217 gold pieces.

Inventory:

Hand Weapons
 a - a +0 flail (weapon)
Missiles
 m - 55 arrows
 t - 28 bolts
Armour
 b - a +0 chain mail (worn)
 c - a +0 shield (worn)
 o - a +0 pair of gloves (worn)
 u - a +2 pair of boots (worn)
 w - a +0 scale mail of cold resistance
Jewellery
 x - a +2 ring of intelligence (left hand)
Wands
 h - a wand of polymorph (4)
Scrolls
 e - 3 scrolls of magic mapping
 l - 2 scrolls of teleportation
 n - a scroll of enchant armour
 q - a scroll of remove curse
 r - a scroll of immolation {unknown}
 v - a scroll of amnesia {unknown}
Potions
 d - 2 potions of might
 g - a potion of heal wounds {unknown}
 i - 3 potions of magic
 j - a potion of flight
 k - 2 potions of curing
 p - a potion of mutation {unknown}
 s - a potion of lignification
Comestibles
 f - 7 rations


   Skills:
 + Level 4.4 Fighting
 + Level 4.1 Maces & Flails
 + Level 4.7 Armour
 + Level 1.1 Dodging
 + Level 4.9 Shields


You had 4 spell levels left.
You didn't know any spells.
Your spell library was empty.

Dungeon Overview and Level Annotations

Branches:
Dungeon (5/15)             Temple (0/1) D:4

Altars:
Gozag
Makhleb
Qazlal
Ru
Vehumet
Yredelemnul
Zin

Annotations:
D:4 3 runed translucent doors, Henning's ghost, amateur GrFi


Innate Abilities, Weirdness & Mutations

You reflexively headbutt those who attack you in melee.
You have a pair of horns on your head.


Message History

The ogre hits you with a cursed -1 giant club!!
You hit the ogre.
The ogre is moderately wounded.
You feel sick. You block the adder's attack. The adder barely misses you.
The ogre hits you with a cursed -1 giant club!
* * * LOW HITPOINT WARNING * * *
You are too injured to fight recklessly!
You are too injured to fight recklessly!
Unknown command.
Okay, then.
You feel better. The adder bites you but does no damage.
The ogre hits you with a cursed -1 giant club!
* * * LOW HITPOINT WARNING * * *
The crimson imp shouts, "Scamper away, thou horrid tip-merry bull-brain!"
The crimson imp hits you but does no damage.
The adder bites you but does no damage.
The crimson imp hits you but does no damage.
There is a stone staircase leading up here.
The ogre hits you with a cursed -1 giant club!
You die...

#[....(...#..###
#.............###
##..............#
##..............#
.##.#...........>#.##
.................###
............S.....#
.........##.O....###
......#.[.##5@.)...#
......#...##.......#
....?....##.......##
.........###.......#
.......... #......##
..#.##...##
.....#....###
≈§..........#
≈§§.......###


You could see an ogre, a crimson imp and an adder.

Vanquished Creatures
  A crimson imp (D:5)
  A centaur skeleton (D:5)
  6 adders
  A worm (D:3)
  A leopard gecko (D:2)
  4 orcs
  2 ball pythons
  3 giant cockroaches
  7 goblins
  10 hobgoblins
  2 quokkas (D:2)
  9 bats
  9 frilled lizards
  5 kobolds
  8 rats
69 creatures vanquished.

Vanquished Creatures (others)
  A hobgoblin (D:2)
  4 jackals (D:2)
5 creatures vanquished.

Grand Total: 74 creatures vanquished

Notes
Turn   | Place    | Note
-------+----------+-------------------------------------------
     0 | D:1      | Almogavar the Minotaur Fighter began the quest for the Orb.
     0 | D:1      | Reached XP level 1. HP: 19/19 MP: 0/0
   222 | D:1      | Reached XP level 2. HP: 27/27 MP: 1/1
  1125 | D:2      | Reached XP level 3. HP: 26/33 MP: 2/2
  1446 | D:2      | Found an opulent altar of Gozag.
  1631 | D:2      | Found a radiant altar of Vehumet.
  1638 | D:2      | Reached XP level 4. HP: 38/40 MP: 3/3
  1788 | D:2      | Found a glowing silver altar of Zin.
  2010 | D:3      | Found a basalt altar of Yredelemnul.
  2104 | D:3      | Found a burning altar of Makhleb.
  2110 | D:3      | Became a worshipper of Makhleb the Destroyer
  2278 | D:3      | Found a sacrificial altar of Ru.
  2887 | D:4      | Found a staircase to the Ecumenical Temple.
  3149 | D:4      | Found a runed translucent gate.
  3149 | D:4      | Found a runed translucent gate.
  3149 | D:4      | Found a runed translucent gate.
  3151 | D:4      | Found an opulent altar of Gozag.
  3153 | D:4      | Noticed a wyvern
  3153 | D:4      | Noticed Henning's ghost (amateur GrFi)
  3319 | D:5      | Entered Level 5 of the Dungeon
  3323 | D:5      | Reached skill level 1 in Dodging
  3323 | D:5      | Reached XP level 5. HP: 47/47 MP: 4/4
  3338 | D:5      | Found a stormy altar of Qazlal.
  3408 | D:5      | Noticed an ogre
  3423 | D:5      | Mangled by an ogre

Levels and vault maps discovered:
D:1:      grunt_arrival_lava_bath, layout_basic
D:2:      layout_loops_ring, fiery_altar_vehumet, lemuel_coloured_pillars_altar,
          zin_academy
D:3:      layout_basic, nicolae_ru_awakened_eye, old_standard_altar,
          old_standard_altar, kennysheep_generic_room_2
D:4:      layout_basic, minmay_temple_entry_overgrown, ebering_ghost_gozag,
          first_ration, kennysheep_nondescript
D:5:      layout_cave_pools, nicolae_qazlal_general_emergency,
          minmay_misc_feat_tower, trog_three_pillars_becter, uniq_ijyb

Skill      XL: |  1  2  3  4  5 |
---------------+----------------+-----
Armour         | 4 |  4.7
Shields        | 4 |  4.9
Fighting       | 4 |  4.4
Maces & Flails | 3 4 |  4.1
Dodging        | 1 |  1.1

Action                   |  1- 3 |  4- 6 || total
-------------------------+-------+-------++-------
Melee: Flail             |   115 |    95 ||   210
       Headbutt          |    10 |     9 ||    19
       Unarmed           |     2 |       ||     2
  Use: Scroll            |     7 |     4 ||    11
       Potion            |       |     1 ||     1
  Eat: Chunk             |     2 |     6 ||     8
Armor: Scale mail        |    38 |       ||    38
       Ring mail         |     4 |    19 ||    23
       Skin              |     1 |       ||     1
       Chain mail        |       |    33 ||    33
Dodge: Dodged            |    41 |    18 ||    59
Block: Shield            |    77 |    46 ||   123
